 Dungeon Crawl Stone Soup version 0.30-a0-135-g630cfc4551 (webtiles) character file.

Game seed: 13403168533941817822

1 jlumianski the Chopper (level 1, -2/13 HPs)
             Began as a Gargoyle Gladiator on Sept 20, 2022.
             Slain by a kobold
             ... wielding a +0 short sword
              (4 damage)
             ... on level 1 of the Dungeon.
             The game lasted 00:00:49 (169 turns).

jlumianski the Chopper (Gargoyle Gladiator)          Turns: 169, Time: 00:00:49

Health: -2/13      AC:  6    Str: 17    XL:     1   Next: 20%
Magic:  1/1        EV: 12    Int:  8    God:
Gold:   0          SH:  0    Dex: 11    Spells: 0/0 levels left

rFire   . . .      SeeInvis .    a - +0 war axe
rCold   . . .      Faith    .    (no shield)
rNeg    + . .      Spirit   .    b - +0 leather armour
rPois   ∞          Reflect  .    c - +0 helmet
rElec   +          Harm     .    (no cloak)
rCorr   .          Rampage  .    (no gloves)
Will    .....                    (no boots)
Stlth   +.........               (no amulet)
HPRegen 0.04/turn                (no ring)
MPRegen 0.07/turn                (no ring)

@: no status effects
A: sickness immunity, AC +2, negative energy resistance 1, electricity
resistance, torment resistance 1, petrification resistance
a: no special abilities


You were on level 1 of the Dungeon.
You visited 1 branch of the dungeon, and saw 2 of its levels.

Inventory:

Hand Weapons
 a - a +0 war axe (weapon)
Missiles
 d - 3 throwing nets (quivered)
 e - a javelin
Armour
 b - a +0 leather armour (worn)
 c - a +0 helmet (worn)


   Skills:
 + Level 2.3 Fighting
 + Level 2.6 Axes
 + Level 1.7 Throwing
 + Level 2.4 Dodging


You couldn't memorise any spells.
You didn't know any spells.
Your spell library was empty.

Dungeon Overview and Level Annotations

Branches:
Dungeon (2/15)

Altars:


Innate Abilities, Weirdness & Mutations

You are immune to sickness and miasma.
Your stone body is resilient. (AC +2)
You are immune to poison.
You resist negative energy. (rN+)
You are resistant to electric shocks. (rElec)
You are resistant to unholy torment.
You are immune to petrification.


Message History

The ball python constricts you.
You closely miss the ball python.
The ball python bites you but does no damage.
The ball python constricts you.
You slash the ball python!
You kill the ball python!
You see here a ball python corpse.
There is a stone staircase leading down here.
You start resting.
HP restored.
You climb downwards.
The kobold hits you with a +0 short sword.
There is a stone staircase leading up here.
The kobold barely misses you.
You climb upwards.
There is a stone staircase leading down here.
You closely miss the kobold. The kobold closely misses you.
You hit the kobold.
The kobold is moderately wounded.
The kobold barely misses you.
The kobold hits you with a +0 short sword.
You closely miss the kobold.
The kobold is moderately wounded.
The kobold hits you but does no damage.
You miss the kobold.
The kobold is moderately wounded.
The kobold hits you but does no damage.
The kobold hits you with a +0 short sword.
You hit the kobold but do no damage.
The kobold is moderately wounded.
The kobold barely misses you.
You hit the kobold.
The kobold is severely wounded.
The kobold hits you with a +0 short sword.
* * * LOW HITPOINT WARNING * * *
You closely miss the kobold.
The kobold is severely wounded.
The kobold barely misses you.
The kobold hits you with a +0 short sword.
You die...

#.#≈≈≈.≈≈≈≈≈≈..
..≈≈≈≈≈.≈≈≈≈≈≈##
.≈≈≈≈≈≈.≈≈≈≈≈≈≈#
≈≈≈8≈≈.≈≈≈≈≈8≈≈≈
≈≈≈≈≈.≈≈≈≈≈≈≈≈≈≈
≈≈≈≈≈.≈≈≈~~~≈≈≈≈
≈≈≈≈≈.≈≈~≈≈≈~≈≈~
≈≈≈≈≈≈.†K≈≈≈≈~~≈
≈~~≈≈≈≈@..≈≈≈≈≈≈
~≈≈~≈≈≈~≈≈.≈≈≈≈≈
≈≈≈≈~~~≈≈≈.≈≈≈≈≈
≈≈≈≈≈≈≈≈≈≈.≈≈≈≈≈
≈≈≈8≈≈≈≈≈.≈≈8≈≈≈
#≈≈≈≈≈≈≈.≈≈≈≈≈≈#
#.≈≈≈≈≈≈.≈≈≈≈≈##
#..≈≈≈≈≈≈.≈≈≈##


You could see a kobold.

Vanquished Creatures
  A ball python (D:1)
1 creature vanquished.

Vanquished Creatures (others)
  8 toadstools (D:2)
8 creatures vanquished.

Grand Total: 9 creatures vanquished

Notes
Turn   | Place    | Note
-------+----------+-------------------------------------------
     0 | D:1      | jlumianski the Gargoyle Gladiator began the quest for the
                  | Orb.
     0 | D:1      | Reached XP level 1. HP: 12/12 MP: 1/1
   169 | D:1      | Slain by a kobold

Illustrated notes

Levels and vault maps discovered:
D:1:      nzn_arrival_water_spiral, layout_basic,
          shapermc_ecumenical_altar_mp_urbaneastern, serial_bayou_pond_e
D:2:      cheibrodos_fertilizer, layout_loops_ring

Action                   || total
-------------------------++-------
Melee: War axe           ||    15
Armor: Leather armour    ||     7
Dodge: Dodged            ||    17

Table legend: (Time is in decaauts)
 A = Elapsed time spent in this place.
 B = Non-inter-level travel time spent in this place.
 C = Inter-level travel time spent in this place.
 D = Time resting spent in this place.
 E = Time spent auto-exploring this place.
 F = Levels seen in this place.
 G = Mean time per level.
                   A        B        C        D        E       F      G
               +--------+--------+--------+--------+--------+-----+--------+
         Total |    175 |    175 |      0 |    139 |      0 |   2 |   87.5 |
       Dungeon |    175 |    175 |      0 |    139 |      0 |   2 |   87.5 |
               +--------+--------+--------+--------+--------+-----+--------+

Top non-repeatable levels by time:
     D:1: 167 daAuts
     D:2: 8 daAuts
